 Dungeon Crawl Stone Soup version 0.31-a0-234-gad7ace16ef (webtiles) character file.

Game seed: 1475436611804363570

305 Nattfarinn the Sneak (level 6, -5/30 HPs)
             Began as a Spriggan Hexslinger on July 10, 2023.
             Slain by Duvessa
             ... wielding a +0 rapier
              (18 damage)
             ... on level 4 of the Dungeon.
             The game lasted 00:12:55 (3570 turns).

Nattfarinn the Sneak (Spriggan Hexslinger)          Turns: 3570, Time: 00:12:56

Health: -5/30      AC:  2    Str:  6    XL:     6   Next: 15%
Magic:  10/10      EV: 21    Int: 15    God:
Gold:   224        SH:  6    Dex: 17    Spells: 8/9 levels left

rFire   + + .        b - +9 dagger of Inquiry {spect, rF+}
rCold   . . .        o - +2 buckler of Roarr {rF+}
rNeg    + . .        c - +0 robe
rPois   .            (helmet restricted)
rElec   .            (no cloak)
rCorr   .            (gloves unavailable)
SInv    +            (boots unavailable)
Will    +....        (no amulet)
Stlth   +++          h - ring of positive energy
HPRegen 0.25/turn    q - +5 ring of evasion
MPRegen 0.12/turn

%: no passive effects
@: very quick
A: very small, no large weapons, unfitting armour, see invisible, speed 3
a: no special abilities


You were on level 4 of the Dungeon.
You visited 1 branch of the dungeon, and saw 4 of its levels.

You collected 224 gold pieces.

Inventory:

Hand Weapons
 a - a +1 sling
 b - the +9 dagger of Inquiry (weapon) {spect, rF+}
   (You found it on level 2 of the Dungeon)

   rF:        It protects you from fire.
Missiles
 w - 6 atropa-tipped darts
Armour
 c - a +0 robe (worn)
 o - the +2 buckler of Roarr (worn) {rF+}
   (You found it on level 3 of the Dungeon)

   rF:        It protects you from fire.
Jewellery
 h - a ring of positive energy (left hand)
 m - a ring of positive energy
 q - a +5 ring of evasion (right hand)
Wands
 z - a wand of flame (10)
Scrolls
 d - a scroll of vulnerability
 i - a scroll of fog {unknown}
 j - a scroll of poison
 p - 4 scrolls of identify {unknown}
 r - a scroll of revelation {unknown}
 s - a scroll of teleportation {unknown}
 t - a scroll of enchant armour {unknown}
 y - a scroll of immolation {unknown}
Potions
 e - a potion of lignification {unknown}
 f - 3 potions of enlightenment {unknown}
 g - 2 potions of attraction {unknown}
 k - a potion of ambrosia {unknown}
 l - a potion of haste {unknown}
 n - a potion of might {unknown}
 u - a potion of heal wounds {unknown}
 v - 2 potions of curing {unknown}
 x - a potion of degeneration {unknown}


   Skills:
 - Level 1.2 Fighting
 + Level 3.8 Ranged Weapons
 - Level 2.6 Dodging
 * Level 5.8 Stealth
 - Level 2.0 Spellcasting
 + Level 5.1 Hexes


You had 8 spell levels left.
You knew the following spells:

 Your Spells              Type           Power      Damage    Failure   Level
a - Slow                  Hex            68%        N/A       4%          1

Your spell library contained the following spells:

 Spells                   Type           Power      Damage    Failure   Level
 Inner Flame              Hex/Fire       9%         N/A       38%         3
 Portal Projectile        Hex/Tloc       18%        N/A       38%         3
 Cause Fear               Hex            8%         N/A       43%         4
 Call Canine Familiar     Summ           1%         N/A       75%         3
 Gell's Gravitas          Tloc           1%         N/A       75%         3
 Teleport Other           Tloc           1%         N/A       75%         3
 Leda's Liquefaction      Hex/Erth       4%         N/A       80%         4
 Dispersal                Tloc           0%         N/A       100%        6


Dungeon Overview and Level Annotations

Branches:
Dungeon (4/15)
 Temple: D:4-7

Altars:
Wu Jian

Annotations:
D:4 Duvessa


Innate Abilities, Weirdness & Mutations

You are very small and have problems with some larger weapons.
You are too small for most types of armour.
You have supernaturally acute eyesight. (SInv)
You cover ground extremely quickly. (Speed+++)


Message History

Duvessa hits your +9 dagger of Inquiry {spect, rF+} with a +0 rapier!!
Your spectral weapon shares its damage with you!
Duvessa rages.
You closely miss Duvessa.
Duvessa is lightly wounded.
Your +9 dagger of Inquiry {spect, rF+} hits Duvessa!
Duvessa misses you. x2
You hit Duvessa.
Duvessa is moderately wounded.
Your +9 dagger of Inquiry {spect, rF+} hits Duvessa but does no damage.
Duvessa hits your +9 dagger of Inquiry {spect, rF+} with a +0 rapier.
Your spectral weapon shares its damage with you!
You hit Duvessa.
Duvessa is moderately wounded.
Your +9 dagger of Inquiry {spect, rF+} hits Duvessa.
Duvessa completely misses you. x2
You closely miss Duvessa.
Duvessa is moderately wounded.
Your +9 dagger of Inquiry {spect, rF+} hits Duvessa.
You block Duvessa's attack. Duvessa hits you with a +0 rapier.
You are too injured to fight recklessly!
You barely miss Duvessa.
Duvessa is heavily wounded.
Your +9 dagger of Inquiry {spect, rF+} hits Duvessa.
Duvessa barely misses your +9 dagger of Inquiry {spect, rF+}.
You hit Duvessa but do no damage.
Duvessa is heavily wounded.
Your +9 dagger of Inquiry {spect, rF+} hits Duvessa.
You block Duvessa's attack. Duvessa completely misses you.
Your +9 dagger of Inquiry {spect, rF+} disappears.
You hit Duvessa.
Duvessa is heavily wounded.
Your +9 dagger of Inquiry {spect, rF+} hits Duvessa.
Duvessa closely misses your +9 dagger of Inquiry {spect, rF+}.
You hit Duvessa.
Duvessa is severely wounded.
Your +9 dagger of Inquiry {spect, rF+} hits Duvessa!
Duvessa closely misses you. Duvessa hits you with a +0 rapier!!
Ouch! That really hurt!
You die...

#.# #...........#####
#.# #..........##...#
#.## ###...............#
#..# #.................#
##.#
##.............#...#
#.###..##.<........#####
## #..##..##........###
.# #.................#
.###..#...#(...(@....#
<.#...#[..#....e.....#
#....................#
##........#..........#
...#......##........##
.##.....#.###......###
.#...#...............##
.#....................#
......................#


You could see Duvessa (berserk) and a friendly +9 dagger of Inquiry {spect,
rF+}.

Vanquished Creatures
  Sigmund (D:4)
  Dowan (D:4)
  An iguana (D:3)
  2 adders
  A gnoll (D:1)
  A worm (D:4)
  2 dart slugs
  3 endoplasms
  A giant cockroach (D:3)
  A goblin (D:1)
  2 hobgoblins
  2 jackals (D:3)
  4 quokkas
  3 ball pythons
  7 bats
  5 frilled lizards
  4 kobolds
  2 rats
43 creatures vanquished.

Notes
Turn   | Place    | Note
-------+----------+-------------------------------------------
     0 | D:1      | Nattfarinn the Spriggan Hexslinger began the quest for the
                  | Orb.
     0 | D:1      | Reached XP level 1. HP: 9/9 MP: 3/3
   105 | D:1      | Reached skill level 1 in Fighting
   105 | D:1      | Reached XP level 2. HP: 14/14 MP: 3/5
   629 | D:2      | Identified the +9 dagger of Inquiry {spect, rF+}
   655 | D:2      | Reached XP level 3. HP: 18/18 MP: 7/7
   777 | D:2      | Reached skill level 1 in Stealth
   995 | D:3      | Identified the +2 buckler of Roarr {rF+}
  1182 | D:3      | Reached XP level 4. HP: 22/22 MP: 8/8
  1386 | D:4      | Noticed Duvessa
  1386 | D:4      | Noticed Dowan
  2055 | D:4      | Noticed Sigmund
  2464 | D:4      | Killed Sigmund
  2465 | D:4      | Reached skill level 5 in Stealth
  2465 | D:4      | Reached skill level 5 in Hexes
  2465 | D:4      | Reached XP level 5. HP: 23/25 MP: 7/9
  2516 | D:4      | Found an ornate altar of the Wu Jian Council.
  2647 | D:4      | Killed Dowan
  2648 | D:4      | Reached XP level 6. HP: 30/30 MP: 10/10
  3570 | D:4      | Slain by Duvessa

Illustrated notes

Levels and vault maps discovered:
D:1:      co_arrival_hexagon_in_a_hexagon, layout_loops_ring
D:2:      layout_rooms, minmay_misc_feat_enclosed, bh_walls_and_bars
D:3:      layout_rooms
D:4:      layout_rooms, nicolae_wu_jian_wuxing_cycle, uniq_sigmund, uniq_duvessa

Skill      XL: |  1  2  3  4 |
---------------+-------------+-----
Fighting       | 1 |  1.2
Spellcasting   | 2 |  2.0
Hexes          | 4 5 |  5.1
Stealth        | 2 5 |  5.8
Ranged Weapons | 3 |  3.8
Dodging        | |  2.6

Action                     |  1- 3 |  4- 6 || total
---------------------------+-------+-------++-------
  Melee: Dagger            |    22 |    14 ||    36
   Fire: Sling             |    44 |   110 ||   154
   Cast: Slow              |     2 |    28 ||    30
    Use: Scroll            |       |     1 ||     1
   Stab: Sleeping          |     4 |     1 ||     5
  Dodge: Dodged            |    22 |    22 ||    44
  Block: Buckler           |     1 |     5 ||     6

Table legend: (Time is in decaauts)
 A = Elapsed time spent in this place.
 B = Non-inter-level travel time spent in this place.
 C = Inter-level travel time spent in this place.
 D = Time resting spent in this place.
 E = Time spent auto-exploring this place.
 F = Levels seen in this place.
 G = Mean time per level.
                   A        B        C        D        E       F      G
               +--------+--------+--------+--------+--------+-----+--------+
         Total |   2666 |   2278 |    388 |    804 |    893 |   4 |  666.5 |
       Dungeon |   2666 |   2278 |    388 |    804 |    893 |   4 |  666.5 |
               +--------+--------+--------+--------+--------+-----+--------+

Top non-repeatable levels by time:
     D:3: 1067 daAuts
     D:4: 940 daAuts
     D:1: 404 daAuts
     D:2: 254 daAuts
